 Dungeon Crawl Stone Soup version 0.29-a0-341-g24ffce5b50 (webtiles) character file.

Game seed: 17374595991443568251

798 Flugkiller the Chopper (level 7, -4/63 HPs)
             Began as a Palentonga Chaos Knight on Apr 20, 2022.
             Was a Plaything of Xom.
             Slain by an ogre
             ... wielding a +0 giant club
              (14 damage)
             ... on level 5 of the Dungeon.
             The game lasted 00:04:06 (4885 turns).

Flugkiller the Chopper (Palentonga Chaos Knight)    Turns: 4885, Time: 00:04:07

Health: -4/63      AC: 14    Str: 19    XL:     7   Next: 58%
Magic:  7/7        EV:  9    Int: 12    God:    Xom [....*.]
Gold:   200        SH:  0    Dex: 12    Spells: 6/6 levels left

rFire   + . .      SeeInvis +   y - +4 hand axe
rCold   . . .      Faith    +   (no shield)
rNeg    . . .      Spirit   .   b - +2 leather armour
rPois   .          Reflect  .   (helmet restricted)
rElec   .          Harm     .   k - +0 cloak
rCorr   .          Rampage  .   (no gloves)
Will    .....                   (no barding)
Stlth   +.........              e - amulet of faith
HPRegen 0.20/turn               (no ring)
MPRegen 0.10/turn               (no ring)

@: curled up
A: large, rugged brown scales 3, see invisible, deformed body, roll 1, armoured
tail, reflexive curl, horns 1, stinger 1, talons 1, agile 1, fire resistance 1,
mutation resistance 1, strong 1, noise suppression
a: Rolling Charge, Renounce Religion


You were on level 5 of the Dungeon.
You worshipped Xom.
You were a beloved toy of Xom.
You visited 1 branch of the dungeon, and saw 5 of its levels.

You collected 200 gold pieces.

Inventory:

Hand Weapons
 a - a +0 hand axe of chaos
 w - a +1 flail of protection
   (You found it on level 2 of the Dungeon)
 y - a +4 hand axe (weapon)
   (You took it off an orc on level 4 of the Dungeon)
Armour
 b - a +2 leather armour (worn)
 f - a +0 helmet
   (You took it off Robin on level 4 of the Dungeon)
 g - a +0 plate armour
   (You found it on level 1 of the Dungeon)
 k - a +0 cloak (worn)
   (You found it on level 1 of the Dungeon)
Jewellery
 e - an amulet of faith (around neck)
   (You found it on level 1 of the Dungeon)
Wands
 v - a wand of mindburst (12)
   (You found it on level 2 of the Dungeon)
Scrolls
 h - a scroll of enchant weapon
 p - 2 scrolls of vulnerability
 r - a scroll of identify
 s - a scroll of fear
 t - 3 scrolls of teleportation
 u - a scroll of magic mapping
 z - 2 scrolls of blinking
Potions
 d - a potion of haste {unknown}
 i - a potion of brilliance
 j - a potion of flight {unknown}
 l - a potion of cancellation
 m - a potion of invisibility {unknown}
 n - a potion of degeneration {unknown}
 o - a potion of attraction {unknown}
 q - a potion of curing
Miscellaneous
 c - a piece from Xom's chessboard (15/15) (quivered)


   Skills:
 + Level 6.7 Fighting
 + Level 6.7 Axes
 - Level 1.7 Armour
 - Level 0.7 Dodging


You had 6 spell levels left.
You didn't know any spells.
Your spell library contained the following spells:

 Spells                   Type           Power      Damage    Failure   Level
 Blink                    Tloc           0%         N/A       52%         2
 Ensorcelled Hibernation  Hex/Ice        0%         N/A       52%         2
 Passwall                 Tmut/Erth      0%         N/A       52%         2
 Gell's Gravitas          Tloc           0%         N/A       75%         3
 Lesser Beckoning         Tloc           0%         N/A       75%         3
 Swiftness                Air            0%         N/A       75%         3
 Teleport Other           Tloc           0%         N/A       75%         3
 Hailstorm                Conj/Ice       0%         3d3       98%         4
 Ice Form                 Ice/Tmut       0%         N/A       98%         4
 Manifold Assault         Tloc           0%         N/A       100%        5
 Simulacrum               Ice/Necr       0%         N/A       100%        6
 Storm Form               Tmut/Air       0%         N/A       100%        7


Dungeon Overview and Level Annotations

Branches:
Dungeon (5/15)
 Temple: D:4-7

Altars:
Wu Jian

Shops:
D:5 [


Innate Abilities, Weirdness & Mutations

You are completely covered in rugged brown scales. (AC +3, +7% HP)
You have supernaturally acute eyesight. (SInv)
Armour fits poorly on your strangely shaped body.
You can roll at nearby foes to attack.
You have a long armoured tail.
You curl defensively after being hit. (AC +7*)
You have a pair of small horns on your head.
Your tail ends in a venomous barb.
You have sharp toenails.
You are agile. (Dex +2)
Your flesh is heat resistant. (rF+)
You are somewhat resistant to further mutation.
Your muscles are strong. (Str +2)
You passively dampen the noise of your surroundings.


Message History

You are too injured to fight recklessly!
Unknown command.
The ice beast attacks as you move away!
The ice beast hits you but does no damage.
The ice beast attacks as you move away! The ice beast completely misses you.
There is a stone staircase leading up here.
The ice beast hits you but does no damage.
You climb upwards.
There is a stone staircase leading down here.
You hit the ice beast.
You headbutt the ice beast, but do no damage.
The ice beast is lightly wounded.
The ice beast hits you. The ice beast freezes you.
You are too injured to fight recklessly!
You are too injured to fight recklessly!
You hit the ice beast.
The ice beast is moderately wounded.
Xom's power touches on a nearby monster.
The ice beast is charmed.
You swap places.
What are your orders? t - Shout!
Orders for allies: a - Attack new target. r - Retreat! s - Stop attacking. g - Guard the area. f - Follow me.
Anything else - Cancel.
Retreat in which direction?
Press: ? - help, Dir - move target Fall back!
There is a stone staircase leading up here.
You climb upwards.
There is a stone staircase leading down here.
You start resting.
You hear Xom's maniacal cackling.
Your body is suffused with distortional energy.
You feel agile.
You feel stronger.
Your toenails lengthen and sharpen.
A venomous barb forms on the end of your tail.
Unknown command.
You start resting.
HP restored.
You climb downwards.
There is a stone staircase leading up here.
Roll where?
Press: ? - help, Dir - move target, f - ice beast
Aim: an ice beast You roll forward with a clatter of scales!
You closely miss the ice beast. You claw the ice beast!
The ice beast is moderately wounded.
The ice beast closely misses you.
You barely miss the ice beast.
You claw the ice beast, but do no damage.
Your tail-slap misses the ice beast.
The ice beast is moderately wounded.
The ice beast hits you. The ice beast freezes you!
You barely miss the ice beast. You headbutt the ice beast.
Your tail-slap misses the ice beast.
The ice beast is moderately wounded.
The ice beast closely misses you.
You slash the ice beast!
Your tail-slap misses the ice beast.
The ice beast is severely wounded.
The ice beast barely misses you.
You barely miss the ice beast. Your headbutt misses the ice beast.
The ice beast is severely wounded.
The ice beast barely misses you.
You hit the ice beast.
You claw the ice beast, but do no damage.
The ice beast is almost dead.
The ice beast hits you but does no damage.
You hit the ice beast but do no damage.
You claw the ice beast, but do no damage.
The ice beast is almost dead.
The ice beast hits you but does no damage.
You hit the ice beast.
You kill the ice beast!
You start resting.
HP restored.
(D) Dungeon
Where to? (Enter - D:5, ? - help)
There is a stone staircase leading down here.
You climb downwards.
The ogre closely misses you.
There is a stone staircase leading up here.
An ogre is nearby!
You hit the ogre.
The ogre is moderately wounded.
The ogre hits you with a +0 giant club!
You hit the ogre. You claw the ogre.
The ogre is moderately wounded.
The ogre hits you with a +0 giant club!
You are too injured to fight recklessly!
You are too injured to fight recklessly!
You hit the ogre. Your kick misses the ogre.
The ogre is heavily wounded.
You barely miss the ogre.
The ogre is heavily wounded.
The ogre hits you with a +0 giant club!!
* * * LOW HITPOINT WARNING * * *
You barely miss the ogre. You claw the ogre. You headbutt the ogre.
The ogre is almost dead.
The ogre hits you with a +0 giant club!
You die...

#.. ..# #.# #.#
#.# #.# ..# #.#
#.########.####
#.#.......O...#
##.#.##.....##.#
#....).....(##O#
#.##........##@#
#.##.##....#####
###'#.....####
..#.#.....#
#.#.#.>...#
#.#.#..##'###
#.#.#.......#
#...#.......#
#######.....#


You could see an ogre.

Vanquished Creatures
  An ice beast (D:4)
  An ogre (D:4)
  A scorpion (D:5)
  A howler monkey (D:5)
  A hound (D:4)
  4 orc priests
  A jelly (D:4)
  An iguana (D:5)
  2 orc wizards (D:5)
  Robin (D:4)
  6 adders
  A white imp (D:5)
  A dart slug (D:5)
  10 orcs
  4 bats
  2 endoplasms
  3 giant cockroaches
  14 goblins
  12 hobgoblins
  2 quokkas (D:4)
  2 ball pythons
  A frilled lizard (D:2)
  11 kobolds
  A rat (D:2)
84 creatures vanquished.

Vanquished Creatures (collateral kills)
  A scorpion (D:4)
  4 gnolls (D:4)
5 creatures vanquished.

Vanquished Creatures (others)
  A phantom (D:5)
1 creature vanquished.

Grand Total: 90 creatures vanquished

Notes
Turn   | Place    | Note
-------+----------+-------------------------------------------
     0 | D:1      | Flugkiller the Palentonga Chaos Knight began the quest for
                  | the Orb.
     0 | D:1      | Reached XP level 1. HP: 19/19 MP: 1/1
    89 | D:1      | XOM: silly message
   161 | D:1      | XOM: cloud trail
   412 | D:1      | Reached XP level 2. HP: 24/25 MP: 2/2
   466 | D:1      | XOM: give mutation
   466 | D:1      | Gained mutation: Your flesh is heat resistant. (rF+) [Xom's
                  | grace]
   541 | D:1      | XOM: chaos upgrade
   754 | D:2      | You fall into a shaft and drop 1 floor!
   784 | D:3      | XOM: smoke on damage
   880 | D:3      | XOM: stat loss: -1 Str (14/15)
   893 | D:3      | XOM: summons 2 hostile demons
   894 | D:3      | Noticed a chaos spawn
  1022 | D:3      | XOM: 2-stop teleportation journey
  1025 | D:3      | XOM: noise
  1031 | D:3      | XOM: smoke on damage
  1039 | D:3      | Reached XP level 3. HP: 28/32 MP: 3/3
  1107 | D:3      | XOM: summons 1 hostile demon
  1226 | D:3      | XOM: noise
  1365 | D:3      | XOM: silly message
  1368 | D:3      | Reached XP level 4. HP: 30/39 MP: 4/4
  1515 | D:3      | Found an ornate altar of the Wu Jian Council.
  1795 | D:3      | XOM: cloud trail
  1818 | D:3      | XOM: give mutations
  1818 | D:3      | Gained mutation: You are somewhat resistant to further
                  | mutation. [Xom's grace]
  1818 | D:3      | Gained mutation: You passively dampen the noise of your
                  | surroundings. [Xom's grace]
  1818 | D:3      | Gained mutation: You have a pair of small horns on your
                  | head. [Xom's grace]
  1984 | D:2      | XOM: 4-stop teleportation journey
  2673 | D:2      | Identified the +0 helmet of the Kissing Gods {+Blink rCorr
                  | Slay-4}
  2828 | D:4      | Noticed an ogre
  2835 | D:4      | Killed an ogre
  2836 | D:4      | Reached XP level 5. HP: 28/46 MP: 5/5
  3003 | D:4      | Reached skill level 5 in Fighting
  3003 | D:4      | Reached skill level 5 in Axes
  3029 | D:4      | XOM: cast spell 'Summon Dragon'
  3032 | D:4      | Reached XP level 6. HP: 5/54 MP: 6/6
  3222 | D:3      | XOM: stat loss: -1 Int (11/12)
  3495 | D:4      | XOM: 4-stop teleportation journey
  3606 | D:4      | Noticed Robin
  3614 | D:4      | Killed Robin
  3776 | D:5      | Entered Level 5 of the Dungeon
  3911 | D:5      | XOM: 2-stop teleportation journey
  4090 | D:5      | XOM: summons friendly crimson imp
  4101 | D:5      | Gained mutation: You curl defensively after being hit. (AC
                  | +7*) [Palentonga growth]
  4101 | D:5      | Reached XP level 7. HP: 42/62 MP: 7/7
  4247 | D:5      | XOM: divine lightning
  4251 | D:5      | Found Nicag's Antique Armour Shop.
  4632 | D:4      | XOM: enchant monster (good)
  4746 | D:3      | XOM: give mutations
  4746 | D:3      | Gained mutation: You are agile. (Dex +2) [Xom's grace]
  4746 | D:3      | Gained mutation: Your muscles are strong. (Str +2) [Xom's
                  | grace]
  4746 | D:3      | Gained mutation: You have sharp toenails. [Xom's grace]
  4746 | D:3      | Gained mutation: Your tail ends in a venomous barb. [Xom's
                  | grace]
  4885 | D:5      | Slain by an ogre

Illustrated notes

Levels and vault maps discovered:
D:1:      nzn_arrival_crosshair, layout_loops_corners
D:2:      layout_loops_ring, grunt_ministairs_9, grunt_decor_mini_mirrors,
          serial_bayou_crossing
D:3:      layout_loops_cross, pdpol_wu_jian_five_deadly_venoms, minmay_between
D:4:      layout_cave_pools, corexii_corridor_pit,
          hangedman_abyss_or_decor_passed, uniq_robin
D:5:      layout_basic, minitemple, serial_shops, nicolae_shop_trees,
          serial_park_tiny_pond, roderic_serpentine_path, minivault_19

Skill      XL: |  1  2  3  4  5  6 |
---------------+-------------------+-----
Fighting       | 4 5 6 |  6.7
Axes           | 4 5 6 |  6.7
Armour         | |  1.7
Dodging        | |  0.7

Action                   |  1- 3 |  4- 6 |  7- 9 || total
-------------------------+-------+-------+-------++-------
Melee: Hand axe          |    99 |    98 |    45 ||   242
       Tailslap          |    11 |    11 |     1 ||    23
       Punch             |     2 |       |       ||     2
       Flail             |       |    29 |       ||    29
       Headbutt          |       |    16 |    11 ||    27
       Kick              |       |       |     6 ||     6
 Abil: Rolling Charge    |       |     1 |     1 ||     2
  Use: Potion            |     1 |     1 |       ||     2
       Scroll            |     2 |    10 |       ||    12
Armor: Leather armour    |    42 |    63 |    13 ||   118
Dodge: Dodged            |    48 |    54 |    19 ||   121

Table legend: (Time is in decaauts)
 A = Elapsed time spent in this place.
 B = Non-inter-level travel time spent in this place.
 C = Inter-level travel time spent in this place.
 D = Time resting spent in this place.
 E = Time spent auto-exploring this place.
 F = Levels seen in this place.
 G = Mean time per level.
                   A        B        C        D        E       F      G
               +--------+--------+--------+--------+--------+-----+--------+
         Total |   4929 |   4613 |    316 |   1540 |   2301 |   5 |  985.8 |
       Dungeon |   4929 |   4613 |    316 |   1540 |   2301 |   5 |  985.8 |
               +--------+--------+--------+--------+--------+-----+--------+

Top non-repeatable levels by time:
     D:3: 1727 daAuts
     D:5: 859 daAuts
     D:2: 829 daAuts
     D:4: 795 daAuts
     D:1: 717 daAuts
